 Dungeon Sprint DCSS version 0.32-a0-33-g74fbe469d6 (webtiles) character file.

Game seed: 16211641553835598532

13400 PLAYERX the Executioner (level 11, 0/127 HPs)
             Began as a Minotaur Monk on Jan 20, 2024.
             Was the Champion of Qazlal.
             Slain by a nargun (8 damage)
             ... while petrified by a nargun
             ... in the Dungeon (Sprint V: "Ziggurat Sprint").
             The game lasted 00:19:53 (1684 turns).

PLAYERX the Executioner (Minotaur Monk)             Turns: 1684, Time: 00:19:54

Health: 0/127      AC: 26    Str: 33    XL:     11   Next: 75%
Magic:  0/12       EV:  2    Int:  9    God:    Qazlal [******]
Gold:   0          SH:  0    Dex: 12    Spells: 10/10 levels left

rFire   + . .        a - +16 obsidian axe {drain, demonic, Mesm ^Drain Fly SInv}
rCold   + + .        (no shield)
rNeg    + + +        b - +5 gold dragon scales
rPois   ∞            (helmet restricted)
rElec   .            (no cloak)
rCorr   .            (no gloves)
SInv    +            E - +1 pair of boots {Fly}
Will    .....        C - amulet "Qoneus" {Spirit Int+2} Stlth
                     A - +6 ring of strength
HPRegen 0.41/turn    x - ring "Ufi Hoci" {rPois Str+6}
MPRegen 0.13/turn

%: no teleportation, repel missiles, guardian spirit
@: petrified, protected from cold, flying, mesmerised
A: horns 2, retaliatory headbutt
a: Renounce Religion, Upheaval, Elemental Force, Disaster Area


You were in the Dungeon.
You worshipped Qazlal.
Qazlal was exalted by your worship.
You visited 1 branch

Inventory:

Hand Weapons
 a - the +16 obsidian axe (weapon) {drain, demonic, Mesm ^Drain Fly SInv}
   (You found it in the Dungeon)

   Mesm:      Its wielder is mesmerised by any visible foes, and it cannot be
   unequipped while any foes are visible.
   SInv:      It lets you see invisible.
   Fly:       It grants you flight.
   ^Drain:    It drains your maximum health when unequipped.
Armour
 b - +5 gold dragon scales (worn)
 E - a +1 pair of boots of flying (worn)
Jewellery
 x - the ring "Ufi Hoci" (right hand) {rPois Str+6}
   (You found it in the Dungeon)

   [ring of strength]

   Str+6:     It affects your strength (+6).
   rPois:     It protects you from poison
 y - a ring of protection from fire
 A - a +6 ring of strength (left hand)
 B - a ring of protection from fire
 C - the amulet "Qoneus" (around neck) {Spirit Int+2}
   (You found it in the Dungeon)

   [amulet of guardian spirit]

   Spirit:    It causes incoming damage to be divided between your reserves of
   health and magic.
   Int+2:     It affects your intelligence (+2).
Wands
 s - a wand of mindburst (12)
 t - a wand of iceblast (10)
 u - a wand of light (15)
 w - a wand of charming (9)
 z - a wand of flame (10)
 D - a wand of polymorph (6)
Scrolls
 d - 4 scrolls of amnesia
 j - 4 scrolls of blinking
 k - 7 scrolls of fog
 l - 5 scrolls of identify
 m - 2 scrolls of fear
Potions
 c - a potion of ambrosia
 e - 10 potions of curing
 f - 9 potions of heal wounds
 g - 6 potions of haste
 h - 7 potions of magic
 i - 3 potions of berserk rage
 n - 2 potions of brilliance
 o - 2 potions of invisibility
 p - 4 potions of resistance
 r - 5 potions of might
Miscellaneous
 q - a lightning rod (4/4)
 v - a sack of spiders


   Skills:
 + Level 21.1 Fighting
 + Level 23.8 Axes
 + Level 12.2 Armour
 - Level 5.2 Dodging
 + Level 5.3 Shields
 + Level 3.5 Invocations


You had 10 spell levels left.
You didn't know any spells.
Your spell library contained the following spells:

 Spells                   Type           Power      Damage    Failure   Level
 Shock                    Conj/Air       0%         1d3       100%        1
 Sting                    Conj/Alch      0%         1d3       100%        1
 Blink                    Tloc           0%         N/A       100%        2
 Mercury Vapours          Alch/Air       0%         N/A       100%        2
 Scorch                   Fire           0%         2d5       100%        2
 Frozen Ramparts          Ice            0%         1d1       100%        3
 Gell's Gravitas          Tloc           0%         N/A       100%        3
 Hailstorm                Conj/Ice       0%         3d5       100%        3
 Mephitic Cloud           Conj/Alch/Air  0%         N/A       100%        3
 Summon Ice Beast         Ice/Summ       0%         N/A       100%        3
 Teleport Other           Tloc           0%         N/A       100%        3
 Ignite Poison            Fire/Alch      0%         N/A       100%        4
 Leda's Liquefaction      Alch/Erth      0%         N/A       100%        4
 Olgreb's Toxic Radiance  Alch           0%         N/A       100%        4
 Petrify                  Alch/Erth      0%         N/A       100%        4
 Sticky Flame             Fire/Alch      0%         2d4       100%        4
 Freezing Cloud           Conj/Ice/Air   0%         6-21      100%        5
 Metabolic Englaciation   Hex/Ice        0%         N/A       100%        5
 Summon Forest            Summ/Tloc      0%         N/A       100%        5
 Summon Mana Viper        Hex/Summ       0%         N/A       100%        5
 Conjure Ball Lightning   Conj/Air       0%         3x3d6     100%        6
 Dispersal                Tloc           0%         N/A       100%        6
 Sculpt Simulacrum        Ice/Alch       0%         N/A       100%        6
 Starburst                Conj/Fire      0%         6d3       100%        6
 Summon Cactus Giant      Summ           0%         N/A       100%        6
 Discord                  Hex            0%         N/A       100%        8
 Disjunction              Tloc           0%         N/A       100%        8
 Ignition                 Fire           0%         3d3       100%        8


Dungeon Overview and Level Annotations

Branches:
Dungeon (1/1)

Altars:
Ashenzari
Cheibriados
Dithmenos
Elyvilon
Fedhas
Gozag
Hepliaklqana
Kikubaaqudgha
Makhleb
Nemelex Xobeh
Okawaru
Qazlal
Ru
Sif Muna
Trog
Uskayaw
Vehumet
Wu Jian
Xom
Yredelemnul
Zin
The Shining One
Jiyva
Lugonu


Innate Abilities, Weirdness & Mutations

You have a pair of horns on your head.
You reflexively headbutt those who attack you in melee.


Message History

You kill the titan!
Qazlal accepts your kill.
You hit the nargun but do no damage. You slash the nargun!
Visions of slaying the nargun flood into your mind.
Your Fighting skill increases to level 21!
Your Armour skill increases to level 12!
Your Shields skill increases to level 5!
You feel much better.
You are slowing down.
Your limbs have turned to stone.
The wendigo is engulfed in a thunderstorm.
You have turned to stone.
The nargun hits you but does no damage. The nargun bites you!
The nargun freezes you!! You resist.
Your resistance to electricity fades away.
You feel protected from cold. The wendigo claws you. The wendigo freezes you.
You resist.
The wendigo bites you but does no damage.
Visions of slaying the nargun flood into your mind.
The nargun hits you!!
* * * LOW HITPOINT WARNING * * *
The nargun bites you.
* * * LOW HITPOINT WARNING * * *
The nargun freezes you! You resist.
You feel more protected from cold.
* * * LOW HITPOINT WARNING * * *
The wendigo claws you!!
* * * LOW HITPOINT WARNING * * *
The wendigo freezes you! You resist.
You feel more protected from cold.
* * * LOW HITPOINT WARNING * * *
The wendigo bites you but does no damage.
You barely resist.
Visions of slaying the wendigo flood into your mind.
The wendigo fires a burst of electricity at you.
The stunning burst misses you. The nargun hits you but does no damage.
The nargun bites you!
* * * LOW HITPOINT WARNING * * *
The nargun freezes you!! You resist.
You die...

© ▓...8©8...▓.
▓..:[=)[|.▓...["))..▓.
▓..="///..▓....))...▓.
▓.........▓.........▓.
▓.........▓.........▓.
▓.........▓..)))....▓.
▓...○§.○..▓..)[)....▓.
▓..▓9R9▓..▓..).)....▓.
▓.▓.○@..▓.▓.▓.....▓.▓.
▓...○©....▓....©....▓▓
▓▓▓▓▓▓▓▓▓▓▓▓▓▓▓▓▓▓▓▓▓


You could see a wendigo (mesmerising) and 2 narguns.

Vanquished Creatures
  A titan (D)
  2 yellow draconians (D)
  A red draconian (D)
  A dancing weapon (D)
  A hell hog (D)
  A deep elf knight (D)
  2 deep elf zephyrmancers (D)
  3 orc knights (D)
  3 draconians (D)
  A black mamba (D)
  A cane toad (D)
  2 efreet (D)
  2 trolls (D)
  2 spriggans (D)
  2 basilisks (D)
  3 fire elementals (D)
  2 chaos spawn (D)
  2 hell hounds (D)
  2 orc warriors (D)
  A black bear (D)
  An ogre (D)
  A wolf (D)
  3 bullfrogs (D)
  A crimson imp (D)
  3 quasits (D)
  An orc priest (D)
  3 iron imps (D)
  An iguana (D)
  3 river rats (D)
  A shadow imp (D)
  2 white imps (D)
  3 ufetubi (D)
  An adder simulacrum (D)
  A jackal (D)
  A ball python skeleton (D)
  2 bat simulacra (D)
  A giant cockroach simulacrum (D)
  A giant cockroach zombie (D)
  A fire vortex (D)
66 creatures vanquished.

Vanquished Creatures (collateral kills)
  A green draconian (D)
  2 draconians (D)
3 creatures vanquished.

Vanquished Creatures (others)
  A bat simulacrum (D)
  2 giant cockroach simulacra (D)
3 creatures vanquished.

Grand Total: 72 creatures vanquished

Notes
Turn   | Place    | Note
-------+----------+-------------------------------------------
     0 | D        | PLAYERX the Minotaur Monk began the quest for the Orb.
     0 | D        | Reached XP level 1. HP: 19/19 MP: 0/0
    17 | D        | Found a shimmering blue altar of Sif Muna.
    17 | D        | Found a bloodstained altar of Trog.
    17 | D        | Found a sacrificial altar of Ru.
    17 | D        | Found a stormy altar of Qazlal.
    17 | D        | Found an iron altar of Okawaru.
    19 | D        | Found a sparkling altar of Nemelex Xobeh.
    19 | D        | Found the +6 Majin-Bo {spellvamp, MP+6 Int+6}
    19 | D        | Found the +27 heavy crossbow "Sniper" {heavy, Acc+∞ SInv}
    19 | D        | Found the +10 dark maul {heavy}
    19 | D        | Found the +15 Maxwell's patent armour {-Cast -Tele rElec
                  | Will+ rCorr}
    19 | D        | Found the +18 shield of the Gong {Loud rN+ Will+ rCorr
                  | EV-5}
    19 | D        | Found the +16 obsidian axe {drain, demonic, Mesm ^Drain Fly
                  | SInv}
    19 | D        | Found the +7 great mace "Firestarter" {flame, immolate,
                  | rFlCloud rF++}
    19 | D        | Found the +6 shillelagh "Devastator" {shatter}
    19 | D        | Found the +11 plutonium sword {^Contam Stlth-}
    19 | D        | Found the +8 lance "Wyrmbane" {slay drac, rPois rF+ rC+
                  | AC+3}
    19 | D        | Found the +9 sword of Zonguldrok {reap}
    19 | D        | Found the +13 scythe of Curses {drain, curses, ^Drain}
    19 | D        | Found the +9 sword of Power {lifebolt}
    19 | D        | Found the +7 mace of Variability {chaos, chaos arc}
    19 | D        | Found the +11 Singing Sword {sonic wave}
    19 | D        | Found the +8 storm bow {elec, penet}
    20 | D        | Found an ancient bone altar of Kikubaaqudgha.
    20 | D        | Found a transporter.
    20 | D        | Found a corrupted altar of Lugonu.
    20 | D        | Found a viscous altar of Jiyva.
    20 | D        | Found a burning altar of Makhleb.
    20 | D        | Found a hazy altar of Hepliaklqana.
    20 | D        | Found an opulent altar of Gozag.
    75 | D        | Found a blossoming altar of Fedhas.
   140 | D        | Became a worshipper of Qazlal Stormbringer
   140 | D        | Reached * piety under Qazlal
   140 | D        | Reached ** piety under Qazlal
   157 | D        | Reached skill level 5 in Fighting
   157 | D        | Reached skill level 5 in Axes
   157 | D        | Reached skill level 5 in Dodging
   157 | D        | Reached XP level 2. HP: 30/30 MP: 0/3
   161 | D        | Entered arena 2.
   161 | D        | Found a transporter.
   164 | D        | Reached skill level 6 in Axes
   164 | D        | Reached XP level 3. HP: 20/38 MP: 0/4
   173 | D        | Entered arena 3.
   173 | D        | Noticed a spriggan
   173 | D        | Noticed a spriggan
   173 | D        | Noticed a black bear
   173 | D        | Found a transporter.
   178 | D        | Killed a black bear
   178 | D        | Killed a spriggan
   178 | D        | Reached *** piety under Qazlal
   179 | D        | Reached skill level 10 in Fighting
   179 | D        | Reached skill level 11 in Axes
   179 | D        | Reached skill level 1 in Armour
   179 | D        | Reached XP level 4. HP: 8/53 MP: 2/5
   179 | D        | Reached XP level 5. HP: 9/59 MP: 2/6
   179 | D        | Reached XP level 6. HP: 11/67 MP: 2/7
   182 | D        | Killed a spriggan
   183 | D        | Reached skill level 12 in Axes
   489 | D        | Entered arena 4.
   489 | D        | Found a transporter.
   493 | D        | Reached **** piety under Qazlal
   503 | D        | Entered arena 5.
   503 | D        | Found the +3 greatsling "Punk" {acid, rCorr}
   503 | D        | Noticed a deep elf knight
   503 | D        | Noticed a +3 flail of draining
   503 | D        | Noticed a deep elf zephyrmancer
   503 | D        | Noticed a deep elf zephyrmancer
   503 | D        | Found a transporter.
   505 | D        | Killed a +3 flail of draining
   506 | D        | Reached skill level 14 in Axes
   506 | D        | Reached XP level 7. HP: 49/81 MP: 8/8
   506 | D        | Reached XP level 8. HP: 54/89 MP: 9/9
   506 | D        | Killed a deep elf zephyrmancer
   507 | D        | Reached skill level 15 in Axes
   508 | D        | Killed a deep elf knight
   509 | D        | Reached skill level 15 in Fighting
   509 | D        | Reached skill level 17 in Axes
   509 | D        | Reached skill level 5 in Armour
   509 | D        | Reached XP level 9. HP: 62/100 MP: 10/10
   512 | D        | Killed a deep elf zephyrmancer
   512 | D        | Reached ***** piety under Qazlal
   626 | D        | Entered arena 6.
   626 | D        | Found a transporter.
   632 | D        | Reached skill level 18 in Axes
   644 | D        | Entered arena 7.
   645 | D        | Found a transporter.
   648 | D        | Reached ****** piety under Qazlal
   660 | D        | Got the ring "Ufi Hoci" {rPois Str+6}
   678 | D        | Entered arena 8.
   678 | D        | Noticed a cane toad
   678 | D        | Noticed a black mamba
   679 | D        | Found a transporter.
   683 | D        | Killed a cane toad
   684 | D        | Reached skill level 19 in Axes
   684 | D        | Killed a black mamba
   685 | D        | Reached skill level 1 in Shields
   699 | D        | Got the Vellum of Telluric Trauma
   703 | D        | Got the amulet "Lodeocesi" {Acrobat *Corrode rN+ Int+3}
   711 | D        | Entered arena 9.
   712 | D        | Found a transporter.
   718 | D        | Reached XP level 10. HP: 112/112 MP: 11/11
   739 | D        | Entered arena 10.
   739 | D        | Noticed a hell hog
   742 | D        | Found a transporter.
   746 | D        | Reached skill level 20 in Axes
   749 | D        | Killed a hell hog
  1003 | D        | Got the amulet "Qoneus" {Spirit Int+2}
  1025 | D        | Got the Octavo of Twisted Immolation
  1029 | D        | Entered arena 11.
  1029 | D        | Noticed a draconian
  1029 | D        | Noticed a red draconian
  1029 | D        | Noticed a green draconian
  1029 | D        | Noticed a draconian
  1029 | D        | Noticed a draconian
  1029 | D        | Noticed a yellow draconian
  1029 | D        | Noticed a draconian
  1029 | D        | Noticed a draconian
  1029 | D        | Noticed a yellow draconian
  1030 | D        | Found a transporter.
  1036 | D        | Killed a draconian
  1037 | D        | Reached skill level 21 in Axes
  1037 | D        | Killed a draconian
  1039 | D        | Killed a yellow draconian
  1039 | D        | Killed a draconian
  1040 | D        | Killed a red draconian
  1041 | D        | Reached skill level 22 in Axes
  1041 | D        | Reached XP level 11. HP: 62/123 MP: 7/12
  1041 | D        | Killed a yellow draconian
  1042 | D        | Reached skill level 10 in Armour
  1048 | D        | Killed a green draconian
  1049 | D        | Reached skill level 23 in Axes
  1264 | D        | Entered arena 12.
  1264 | D        | Noticed an orc knight
  1265 | D        | Noticed an orc knight
  1265 | D        | Noticed an orc knight
  1266 | D        | Found a transporter.
  1275 | D        | Killed an orc knight
  1277 | D        | Killed an orc knight
  1283 | D        | Killed an orc knight
  1671 | D        | Entered arena 13.
  1671 | D        | Found the necklace of Bloodlust {Fury *Rage Will++ Int-3
                  | Slay+6}
  1671 | D        | Noticed a titan
  1671 | D        | Noticed a nargun
  1671 | D        | Noticed a wendigo
  1672 | D        | Noticed a nargun
  1674 | D        | Paralysed by a wendigo for 1 turns
  1680 | D        | Killed a titan
  1681 | D        | Reached skill level 5 in Shields
  1684 | D        | Slain by a nargun

Illustrated notes

Levels and vault maps discovered:
D:        sprint_v [room_start, room_1, room_2, room_3, room_4, room_5, room_6,
          room_7, room_8, room_9, room_10, room_11, room_12, room_13, room_14,
          room_15, room_16, room_17, room_18, room_19, room_20, room_21,
          room_22, room_23, room_24, room_25, room_26, room_27]

Skill      XL: |  1  2  3  4  5  6  7  8  9 10 11 |
---------------+----------------------------------+-----
Fighting       | 5 6 10 14 15 17 19 21 | 21.1
Axes           | 5 6 11 14 17 19 22 23 | 23.8
Dodging        | 5 |  5.2
Invocations    | 3 |  3.5
Armour         | 1 4 5 6 9 12 | 12.2
Shields        | 1 3 5 |  5.3

Action                     |  1- 3 |  4- 6 |  7- 9 | 10-12 || total
---------------------------+-------+-------+-------+-------++-------
  Melee: Broad axe         |     4 |     7 |    31 |    51 ||    93
         Headbutt          |     1 |       |     6 |    12 ||    19
 Invoke: Upheaval          |       |       |       |     1 ||     1
  Evoke: Wand              |     1 |     1 |       |     2 ||     4
    Use: Potion            |     1 |       |       |     1 ||     2
 Armour: Gold dragon scale |    10 |     5 |    21 |    67 ||   103
  Dodge: Dodged            |     1 |       |    14 |    19 ||    34
         Repelled          |       |       |       |     1 ||     1
  Block: Other             |     1 |       |     5 |    16 ||    22

Table legend: (Time is in decaauts)
 A = Elapsed time spent in this place.
 B = Non-inter-level travel time spent in this place.
 C = Inter-level travel time spent in this place.
 D = Time resting spent in this place.
 E = Time spent auto-exploring this place.
 F = Levels seen in this place.
 G = Mean time per level.
                   A        B        C        D        E       F      G
               +--------+--------+--------+--------+--------+-----+--------+
         Total |   1656 |   1656 |      0 |   1156 |      0 |   1 | 1656.0 |
       Dungeon |   1656 |   1656 |      0 |   1156 |      0 |   1 | 1656.0 |
               +--------+--------+--------+--------+--------+-----+--------+

Top non-repeatable levels by time:
       D: 1656 daAuts
